 Dungeon Crawl Stone Soup version 0.19.3-1-g3169bf9 (console) character file.

1397 Grinner the Basher (level 8, -10/73 (74) HPs)
             Began as an Ogre Gladiator on Jan 26, 2017.
             Was a Believer of Okawaru.
             Mangled by an ogre
             ... wielding a +0 giant club
              (26 damage)
             ... on level 7 of the Dungeon on Jan 27, 2017.
             The game lasted 00:14:17 (4404 turns).

Grinner the Basher (Ogre Gladiator)                 Turns: 4404, Time: 00:14:18

HP:   -10/73 (74)   AC:  4    Str: 23    XL:     8   Next: 69%
MP:   8/8           EV:  6    Int:  7    God:    Okawaru [**....]
Gold: 345           SH:  0    Dex: 10    Spells: 0 memorised, 7 levels left

rFire  . . .     SeeInvis .     a - +1 flail
rCold  . . .     Gourm    .     b - +0 robe
rNeg   . . .     Faith    .     (no shield)
rPois  .         Spirit   .     c - +0 hat
rElec  .         Reflect  .     s - +0 cloak
rCorr  .         Harm     .     (gloves unavailable)
MR     .....                    (boots unavailable)
Stlth  +.........               h - amulet of magic regeneration
                                (no ring)
                                (no ring)

@: held
A: unfitting armour, tough skin 1
a: Heroism, Renounce Religion


You were on level 7 of the Dungeon.
You worshipped Okawaru.
Okawaru was pleased with you.
You were not hungry.

You visited 1 branch of the dungeon, and saw 7 of its levels.

You collected 345 gold pieces.

Inventory:

Hand Weapons
 a - a +1 flail (weapon)
Missiles
 o - 4 javelins
Armour
 b - a +0 robe (worn)
 c - a +0 hat (worn)
 s - a +0 cloak (worn)
Jewellery
 g - an uncursed ring of ice
 h - an amulet of magic regeneration (around neck)
Wands
 k - a wand of flame (13/48)
 t - a wand of teleportation (8/9)
Scrolls
 e - a scroll of amnesia
 l - a scroll of identify
 n - 4 scrolls of recharging
 x - 5 scrolls of remove curse
Potions
 p - a potion of magic
 q - a potion of flight
Comestibles
 d - 2 chunks of flesh
 f - 2 bread rations
 i - a beef jerky
 j - 3 meat rations
 m - 3 slices of pizza
 r - a royal jelly


   Skills:
 - Level 2.6 Fighting
 * Level 11.6 Maces & Flails
 - Level 2.0 Throwing
 + Level 6.0 Dodging


You had 7 spell levels left.
You didn't know any spells.

Dungeon Overview and Level Annotations

Branches:
Dungeon (7/15)
 Temple: D:4-7

Altars:
Gozag
Kikubaaqudgha
Okawaru
Vehumet
The Shining One

Annotations:
D:3 Autoplay's ghost, amateur DrFE
D:5 Grinder


Innate Abilities, Weirdness & Mutations

You are too large for most types of armour.
You have tough skin. (AC +1)


Message History

The gnoll sergeant draws strength from your wounds!
You thump the gnoll sergeant!
You kill the gnoll sergeant!
Okawaru accepts your kill.
Your base Dodging skill increases to level 6!
You sock the ogre!
The ogre is moderately wounded.
You hit the ogre.
The ogre is moderately wounded.
The ogre hits you with a giant club!!
* * * LOW HITPOINT WARNING * * *
Okay, then.
You feel like a meek peon again.
Quiver which item? (- for none, * to show all) (? for menu, Esc to quit)
Okay, then.
The gnoll throws a throwing net.
The throwing net hits you.
You become entangled in the net!
You see here a throwing net.
You struggle against the net.
The ogre hits you with a giant club!!
You die...

###### #.#........
....).. #...........
.#########.#.........
.. ..... ............
... .####
#.#.#..#.##.... .#
#............# .#
#######.....##.#...#
..
.......g...gO......#
#####..#...#@.#.#.#
#######..#...#..#.#
......gg.#...#..#.#
#######.##...#..#.#
#.##[..#..#.###
#g##...#......# #
#.###..##†#.#.####..
#.# #g.....>........
#.# #g###.#.........


You could see an ogre and 2 gnolls.

Vanquished Creatures
  Prince Ribbit (D:6)
  2 ogres (D:4)
  A necrophage (D:7)
  4 bullfrogs
  A gnoll sergeant (D:7)
  2 scorpions
  A crimson imp (D:6)
  A jelly (D:7)
  Crazy Yiuf (D:6)
  3 orc priests
  6 orc wizards
  5 gnolls
  8 adders
  An ooze (D:4)
  3 worms
  A dart slug (D:1)
  A leopard gecko (D:2)
  12 orcs
  4 bats (D:1)
  2 giant cockroaches
  2 goblins
  2 hobgoblins
  4 jackals (D:2)
  5 kobolds
  A ball python (D:6)
  7 rats
81 creatures vanquished.

Notes
Turn   | Place    | Note
-------+----------+-------------------------------------------
     0 | D:1      | Grinner the Ogre Gladiator began the quest for the Orb.
     0 | D:1      | Reached XP level 1. HP: 22/22 MP: 1/1
     0 | D:1      | Found a radiant altar of Vehumet.
   115 | D:1      | Reached XP level 2. HP: 9/29 MP: 2/2
  1123 | D:2      | Reached XP level 3. HP: 27/36 MP: 3/3
  1149 | D:2      | Reached skill level 5 in Maces & Flails
  1804 | D:3      | Reached XP level 4. HP: 32/44 MP: 4/4
  1815 | D:3      | Noticed Autoplay's ghost (amateur DrFE)
  1824 | D:3      | Reached skill level 6 in Maces & Flails
  2191 | D:4      | Reached XP level 5. HP: 50/50 MP: 5/5
  2266 | D:4      | Noticed an ogre
  2274 | D:4      | Killed an ogre
  2274 | D:4      | Reached skill level 7 in Maces & Flails
  2274 | D:4      | Reached XP level 6. HP: 59/59 MP: 6/6
  2560 | D:4      | Reached skill level 8 in Maces & Flails
  2635 | D:4      | Found an iron altar of Okawaru.
  2638 | D:4      | Became a worshipper of Warmaster Okawaru
  2955 | D:4      | Found an iron altar of Okawaru.
  2960 | D:4      | Reached XP level 7. HP: 39/66 MP: 7/7
  3166 | D:5      | Entered Level 5 of the Dungeon
  3189 | D:5      | Found an opulent altar of Gozag.
  3274 | D:5      | Noticed Grinder
  3274 | D:5      | Paralysed by Grinder for 4 turns
  3292 | D:5      | Paralysed by Grinder for 7 turns
  3418 | D:6      | Found an ancient bone altar of Kikubaaqudgha.
  3418 | D:6      | Found a glowing golden altar of the Shining One.
  3492 | D:6      | Noticed Prince Ribbit
  3501 | D:6      | Killed Prince Ribbit
  3501 | D:6      | Reached skill level 9 in Maces & Flails
  3501 | D:6      | Reached skill level 5 in Dodging
  3541 | D:6      | Reached * piety under Okawaru
  3572 | D:6      | Found a runed door.
  3694 | D:6      | Noticed Crazy Yiuf
  3702 | D:6      | Killed Crazy Yiuf
  3702 | D:6      | Reached skill level 10 in Maces & Flails
  3702 | D:6      | Reached XP level 8. HP: 64/74 MP: 8/8
  4273 | D:7      | Reached skill level 11 in Maces & Flails
  4339 | D:7      | Reached ** piety under Okawaru
  4404 | D:7      | Mangled by an ogre

Skill      XL: |  1  2  3  4  5  6  7  8 |
---------------+-------------------------+-----
Dodging        | 3 4 5 6 |  6.0
Maces & Flails | 5 6 7 8 10 11 | 11.6
Fighting       | |  2.6
Throwing       | |  2.0

Action                   |  1- 3 |  4- 6 |  7- 9 || total
-------------------------+-------+-------+-------++-------
Melee: Flail             |   100 |    78 |   109 ||   287
Throw: Throwing net      |     1 |     7 |     3 ||    11
       Tomahawk          |       |       |     6 ||     6
       Javelin           |       |       |     1 ||     1
Invok: Heroism           |       |       |     1 ||     1
Evoke: Wand              |       |     1 |     3 ||     4
  Use: Scroll            |     9 |     1 |     5 ||    15
       Potion            |     4 |     1 |     2 ||     7
 Stab: Sleeping          |     1 |       |       ||     1
       Held in net/web   |       |     2 |       ||     2
  Eat: Chunk             |     3 |     3 |     5 ||    11
Armor: Robe              |    40 |     9 |     9 ||    58
Dodge: Dodged            |    65 |    33 |    39 ||   137
